 Dungeon Sprint DCSS version 0.27-a0-1191-g601b473118 (webtiles) character file.

Game seed: 4007066595404048943

21876 mhtbhm the Sorcerer (level 12, -2/52 HPs)
             Began as a Spriggan Earth Elementalist on May 24, 2021.
             Was the Champion of Vehumet.
             Hit by a large rock thrown by a stone giant (35 damage)
             ... in the Dungeon (Sprint IX: "|||||||||||||||||||||||||||||").
             The game lasted 00:13:38 (6263 turns).

mhtbhm the Sorcerer (Spriggan Earth Elementalist)   Turns: 6263, Time: 00:13:39

Health: -2/52      AC:  6    Str:  4    XL:     12   Next: 58%
Magic:  41/41      EV: 21    Int: 25    God:    Vehumet [******]
Gold:   5          SH:  0    Dex: 15    Spells: 27/59 levels left

rFire    . . .     SeeInvis +   a - +2 rapier (drain)
rCold    + . .     Faith    .   (shield restricted)
rNeg     . . .     Spirit   .   b - +2 robe {rC+}
rPois    +         Reflect  .   (helmet restricted)
rElec    .         Harm     .   C - +1 cloak
rCorr    .         Rampage  .   (gloves unavailable)
Will     ++...     NoTele   +   (boots unavailable)
Stlth    ++++......             (no amulet)
HPRegen  0.17/turn              B - ring of poison resistance
MPRegen  0.27/turn              n - +3 ring of intelligence

@: studying Dodging, very quick
A: very small, no large weapons, unfitting armour, see invisible, speed 3
a: Renounce Religion


You were in the Dungeon.
You worshipped Vehumet.
Vehumet was exalted by your worship.
You visited 1 branch You collected 1927 gold pieces.
You spent 1922 gold pieces at shops.

Inventory:

Hand Weapons
 a - a +2 rapier of draining (weapon)
Missiles
 w - 4 throwing nets
 y - 3 curare-tipped darts (quivered)
Armour
 b - a +2 robe of cold resistance (worn)
 C - a +1 cloak (worn)
Jewellery
 n - a +3 ring of intelligence (right hand)
 A - a ring of protection from fire
 B - a ring of poison resistance (left hand)
Wands
 l - a wand of acid (10)
Scrolls
 h - a scroll of magic mapping
 i - 3 scrolls of blinking
 k - 2 scrolls of amnesia
 q - a scroll of brand weapon
 r - 2 scrolls of enchant armour
 s - 4 scrolls of identify
 t - 4 scrolls of enchant weapon
 u - a scroll of fog
Potions
 c - a potion of resistance
 d - 10 potions of curing
 e - 8 potions of heal wounds
 f - 4 potions of haste
 g - 3 potions of magic
 j - a potion of invisibility
 o - a potion of might
 p - a potion of brilliance
 x - a potion of mutation


   Skills:
 + Level 0.7 Fighting
 + Level 1.7 Short Blades
 + Level 1.1 Throwing
 + Level 7.8 Dodging
 + Level 7.2 Stealth
 + Level 24.1 Spellcasting
 + Level 4.0 Conjurations
 + Level 4.1 Transmutations
 + Level 19.2 Earth Magic


You had 27 spell levels left.
You knew the following spells:

 Your Spells              Type           Power      Damage    Failure   Level
a - Sandblast             Erth           100%       2d20      0%          1
b - Passwall              Tmut/Erth      60%        N/A       0%          2
c - Stone Arrow           Conj/Erth      100%       3d13      1%          3
d - Lee's Rapid Deconstr  Erth           45%        3d23*     0%          5
e - Petrify               Tmut/Erth      73%        N/A       1%          4
f - Mephitic Cloud        Conj/Pois/Air  36%        N/A       1%          3
g - Iron Shot             Conj/Erth      36%        9d7       1%          6
h - Lehudib's Crystal Sp  Conj/Erth      36%        10d9      17%         8

Your spell library contained the following spells:

 Spells                   Type           Power      Damage    Failure   Level
 Shatter                  Erth           45%        3d35*     12%         9
 Fire Storm               Conj/Fire      20%        8d5       100%        9


Dungeon Overview and Level Annotations

Branches:
Dungeon (1/1)

Altars:
Cheibriados
Dithmenos
Elyvilon
Fedhas
Gozag
Hepliaklqana
Kikubaaqudgha
Makhleb
Nemelex Xobeh
Okawaru
Qazlal
Ru
Sif Muna
Trog
Uskayaw
Vehumet
Wu Jian
Xom
Yredelemnul
Zin
The Shining One
Beogh
Jiyva
Lugonu

Shops:
D !((:


Innate Abilities, Weirdness & Mutations

You are very small and have problems with some larger weapons.
You are too small for most types of armour.
You have supernaturally acute eyesight. (SInv)
You cover ground extremely quickly. (Speed+++)


Message History

Unknown command.
Unknown command.
Casting: Lee's Rapid Deconstruction (safe; 0% risk of failure)
Confirm with . or Enter, or press ? or * to list all spells.
Aiming: Stone Arrow (safe; 1% risk of failure)
Press: ? - help, Shift-Dir - straight line, f/p - fire dragon
Aim: a fire dragon (almost dead, petrified, 100% to hit)
The stone arrow hits the fire dragon!!
You kill the fire dragon!
Vehumet accepts your kill.
You feel your power returning.
Your Spellcasting skill increases to level 24!
Your Conjurations skill increases to level 4!
Your Transmutations skill increases to level 4!
Unknown command.
You start resting.
You start resting.
You start resting.
You start resting.
Magic restored.
You see here a fire dragon corpse.
Things that are here:
a +0 broad axe; a +0 chain mail; a human skeleton Unknown command.
There is an open door, spattered with blood here.
You see here a +1 great sword of flaming.
Items here: ( ))) [.
y - 2 curare-tipped darts (gained 1)
You see here a ring of see invisible.
y - 3 curare-tipped darts (gained 1)
A stone giant comes into view.
The stone giant shouts!
The stone giant throws a large rock.
The large rock hits you!!!
Ouch! That really hurt!
* * * LOW HITPOINT WARNING * * *
Unknown command.
You feel much better.
The stone giant throws a large rock.
The large rock hits you!!
Ouch! That really hurt!
You die...

▓.▓.▓.▓.▓.▓.▓.▓
▓.▓.▓'▓.▓.▓.▓)▓
▓.▓.▓.▓.▓)▓.▓.▓
▓.▓.▓.▓.▓)▓.▓)▓
▓'▓.▓.▓.▓)▓.▓)▓
▓.▓.▓.▓)▓.▓.▓=▓
▓.▓.▓.▓.▓)▓.▓.▓
▓.▓.▓.▓.▓)▓.▓.▓
▓.▓.▓[▓.▓)▓.▓@▓
▓.▓.▓.▓.▓.▓.▓(▓
▓'▓.▓.▓.▓.▓.▓)▓
▓_▓.▓.▓.▓.▓.▓)▓
▓_▓.▓.▓.▓.▓.▓(▓
▓_▓.▓.▓.▓.▓.▓C▓
▓_▓.▓.▓.▓.▓.▓)▓
▓_▓.▓'▓.▓)▓.▓)▓
▓_▓.▓.▓.▓.▓.▓)▓


You could see a stone giant.

Vanquished Creatures
  A fire giant (D)
  2 fire dragons (D)
  Harold (D)
  A catoblepas (D)
  An ogre mage (D)
  2 hydras (D)
  A death knight (D)
  A centaur warrior (D)
  A two-headed ogre (D)
  Sonja (D)
  3 orc high priests (D)
  A skeletal warrior (D)
  An orc knight (D)
  5 orc sorcerers (D)
  A deep elf pyromancer (D)
  An ugly thing (D)
  A guardian serpent (shapeshifter) (D)
  A black mamba (D)
  4 cane toads (D)
  A rime drake (D)
  A yaktaur (D)
  A komodo dragon (D)
  A troll (D)
  2 tyrant leeches (D)
  A hornet (D)
  A slime creature (D)
  2 blink frogs (D)
  A vampire (D)
  4 wyverns (D)
  3 yaks (D)
  Eustachio (D)
  2 vampire mosquitoes (D)
  A water moccasin (D)
  A sky beast (D)
  14 orc warriors (D)
  A wolf (D)
  2 centaurs (D)
  5 bullfrogs (D)
  2 orc priests (D)
  2 orc wizards (D)
  An ufetubus (D)
  12 orcs (D)
  A hobgoblin (D)
  A quokka (D)
  A ball python skeleton (D)
  A ball python zombie (D)
  A bat (D)
  2 frilled lizards (D)
  A goblin (D)
100 creatures vanquished.

Notes
Turn   | Place    | Note
-------+----------+-------------------------------------------
     0 | D        | mhtbhm the Spriggan Earth Elementalist began the quest for
                  | the Orb.
     0 | D        | Reached XP level 1. HP: 9/9 MP: 5/5
     7 | D        | Reached skill level 3 in Spellcasting
   364 | D        | Noticed a sky beast
   368 | D        | Reached XP level 2. HP: 13/13 MP: 2/7
   536 | D        | Killed a sky beast
   537 | D        | Reached skill level 6 in Spellcasting
   537 | D        | Reached XP level 3. HP: 4/16 MP: 2/11
   537 | D        | Reached XP level 4. HP: 6/21 MP: 2/13
   866 | D        | Learned a level 2 spell: Passwall
   870 | D        | Learned a level 3 spell: Stone Arrow
   876 | D        | Found a snail-covered altar of Cheibriados.
   876 | D        | Found a shadowy altar of Dithmenos.
   876 | D        | Found a white marble altar of Elyvilon.
   876 | D        | Found a blossoming altar of Fedhas.
   876 | D        | Found an opulent altar of Gozag.
   877 | D        | Found a hazy altar of Hepliaklqana.
   878 | D        | Found a viscous altar of Jiyva.
   879 | D        | Found an ancient bone altar of Kikubaaqudgha.
   880 | D        | Found a corrupted altar of Lugonu.
   881 | D        | Found a burning altar of Makhleb.
   882 | D        | Found a sparkling altar of Nemelex Xobeh.
   883 | D        | Found an iron altar of Okawaru.
   884 | D        | Found a stormy altar of Qazlal.
   885 | D        | Found a sacrificial altar of Ru.
   886 | D        | Found a shimmering blue altar of Sif Muna.
   887 | D        | Found a bloodstained altar of Trog.
   888 | D        | Found a hide-covered altar of Uskayaw.
   889 | D        | Found a radiant altar of Vehumet.
   890 | D        | Found an ornate altar of the Wu Jian Council.
   891 | D        | Found a shimmering altar of Xom.
   892 | D        | Found a basalt altar of Yredelemnul.
   893 | D        | Found a glowing silver altar of Zin.
   894 | D        | Found a glowing golden altar of the Shining One.
   897 | D        | Became a worshipper of Vehumet
   924 | D        | Noticed a wyvern
   924 | D        | Noticed a hornet
   924 | D        | Noticed a centaur
   924 | D        | Noticed a yak
   924 | D        | Noticed a two-headed ogre
   924 | D        | Noticed a vampire
   948 | D        | Killed a wyvern
   949 | D        | Reached skill level 5 in Dodging
   949 | D        | Reached skill level 5 in Stealth
   949 | D        | Reached skill level 8 in Spellcasting
   949 | D        | Reached XP level 5. HP: 16/24 MP: 11/17
  1060 | D        | Learned a level 5 spell: Lee's Rapid Deconstruction
  1065 | D        | Learned a level 4 spell: Petrify
  1149 | D        | Killed a hornet
  1149 | D        | Killed a centaur
  1149 | D        | Reached * piety under Vehumet
  1149 | D        | Offered knowledge of Shock by Vehumet.
  1150 | D        | Reached skill level 11 in Spellcasting
  1150 | D        | Reached skill level 10 in Earth Magic
  1150 | D        | Reached XP level 6. HP: 28/28 MP: 7/21
  1150 | D        | Reached XP level 7. HP: 32/32 MP: 7/22
  1152 | D        | Killed a yak
  1153 | D        | Reached skill level 12 in Spellcasting
  1153 | D        | Killed a two-headed ogre
  1154 | D        | Reached skill level 14 in Spellcasting
  1154 | D        | Reached skill level 1 in Conjurations
  1154 | D        | Reached XP level 8. HP: 36/36 MP: 14/27
  1162 | D        | Reached ** piety under Vehumet
  1449 | D        | Noticed a four-headed hydra
  1449 | D        | Noticed a troll
  1449 | D        | Noticed a slime creature
  1449 | D        | Noticed a deep elf pyromancer
  1452 | D        | Killed a deep elf pyromancer
  1452 | D        | Offered knowledge of Foxfire by Vehumet.
  1453 | D        | Reached skill level 15 in Spellcasting
  1453 | D        | Killed a four-headed hydra
  1454 | D        | Reached skill level 16 in Spellcasting
  1454 | D        | Reached XP level 9. HP: 11/39 MP: 14/30
  1463 | D        | Killed a troll
  1463 | D        | Reached *** piety under Vehumet
  1646 | D        | Offered knowledge of Mephitic Cloud by Vehumet.
  1647 | D        | Reached skill level 17 in Spellcasting
  1834 | D        | Learned a level 3 spell: Mephitic Cloud
  1845 | D        | Offered knowledge of Sticky Flame by Vehumet.
  2025 | D        | Noticed a cane toad
  2025 | D        | Noticed a cane toad
  2028 | D        | Reached **** piety under Vehumet
  2030 | D        | Killed a cane toad
  2032 | D        | Noticed a rime drake
  2033 | D        | Killed a cane toad
  2034 | D        | Reached skill level 18 in Spellcasting
  2034 | D        | Reached XP level 10. HP: 44/44 MP: 12/33
  2034 | D        | Reached ***** piety under Vehumet
  2037 | D        | Offered knowledge of Ignite Poison by Vehumet.
  2279 | D        | Noticed a black mamba
  2279 | D        | Noticed a cane toad
  2281 | D        | Offered knowledge of Fulminant Prism by Vehumet.
  2282 | D        | Killed a black mamba
  2284 | D        | Killed a cane toad
  2284 | D        | Noticed a five-headed hydra
  2285 | D        | Reached skill level 19 in Spellcasting
  2286 | D        | Reached skill level 1 in Short Blades
  2287 | D        | Reached skill level 15 in Earth Magic
  2593 | D        | Killed a five-headed hydra
  2753 | D        | Noticed a cane toad
  2756 | D        | Offered knowledge of Lightning Bolt by Vehumet.
  2757 | D        | Killed a cane toad
  2758 | D        | Reached skill level 20 in Spellcasting
  2777 | D        | Reached XP level 11. HP: 48/48 MP: 3/36
  3180 | D        | Reached ****** piety under Vehumet
  3180 | D        | Offered knowledge of Conjure Ball Lightning by Vehumet.
  3557 | D        | Offered knowledge of Eringya's Noxious Bog by Vehumet.
  3618 | D        | Noticed an orc sorcerer
  3620 | D        | Killed an orc sorcerer
  3769 | D        | Offered knowledge of Spellforged Servitor by Vehumet.
  4051 | D        | Found Tuipt's Distillery.
  4051 | D        | Noticed an orc knight
  4051 | D        | Noticed an orc sorcerer
  4051 | D        | Noticed an orc sorcerer
  4059 | D        | Killed an orc knight
  4060 | D        | Reached skill level 21 in Spellcasting
  4060 | D        | Noticed an orc sorcerer
  4060 | D        | Killed an orc sorcerer
  4239 | D        | Noticed a sun demon
  4240 | D        | Killed an orc sorcerer
  4259 | D        | Killed an orc sorcerer
  4259 | D        | Offered knowledge of Yara's Violent Unravelling by Vehumet.
  4470 | D        | Noticed an orc high priest
  4477 | D        | Killed an orc high priest
  4490 | D        | Noticed an orc high priest
  4494 | D        | Noticed a soul eater
  4529 | D        | Killed an orc high priest
  4786 | D        | Found Piutet's Antique Weapon Shoppe.
  4789 | D        | Found Naseeq's Antique Weapon Emporium.
  4792 | D        | Found Coemodwu's Book Shoppe.
  4796 | D        | Noticed an orc high priest
  4797 | D        | Noticed an orc sorcerer
  4803 | D        | Killed an orc high priest
  4804 | D        | Killed an orc sorcerer
  4805 | D        | Reached skill level 22 in Spellcasting
  4902 | D        | Bought a potion of resistance for 130 gold pieces
  4902 | D        | Bought a potion of haste for 130 gold pieces
  4902 | D        | Bought a potion of haste for 130 gold pieces
  4902 | D        | Bought a potion of curing for 39 gold pieces
  4902 | D        | Bought a potion of haste for 130 gold pieces
  4902 | D        | Bought a potion of curing for 39 gold pieces
  4908 | D        | Bought a manual of Dodging for 1324 gold pieces
  4933 | D        | Noticed Harold
  4941 | D        | Killed Harold
  4941 | D        | Offered knowledge of Iron Shot by Vehumet.
  5058 | D        | Noticed Sonja
  5060 | D        | Killed Sonja
  5063 | D        | Noticed Eustachio
  5071 | D        | Killed Eustachio
  5372 | D        | Noticed a centaur warrior
  5372 | D        | Noticed a green ugly thing
  5372 | D        | Noticed an ogre mage
  5372 | D        | Noticed a catoblepas
  5372 | D        | Noticed a skeletal warrior
  5375 | D        | Killed a centaur warrior
  5376 | D        | Reached XP level 12. HP: 47/52 MP: 33/39
  5424 | D        | Learned a level 6 spell: Iron Shot
  5494 | D        | Killed an ogre mage
  5628 | D        | Killed a catoblepas
  5629 | D        | Reached skill level 23 in Spellcasting
  5797 | D        | Noticed a fire giant
  5804 | D        | Killed a fire giant
  5804 | D        | Offered knowledge of Lehudib's Crystal Spear by Vehumet.
  5804 | D        | Offered knowledge of Fire Storm by Vehumet.
  5804 | D        | Offered knowledge of Shatter by Vehumet.
  5814 | D        | Learned a level 8 spell: Lehudib's Crystal Spear
  5888 | D        | Noticed a death knight
  5910 | D        | Killed a death knight
  5945 | D        | Noticed a fire dragon
  5951 | D        | Killed a fire dragon
  5952 | D        | Reached skill level 1 in Throwing
  5959 | D        | Noticed a fire dragon
  6078 | D        | Killed a fire dragon
  6079 | D        | Reached skill level 24 in Spellcasting
  6261 | D        | Noticed a stone giant
  6263 | D        | Hit by a large rock thrown by a stone giant

Illustrated notes

Levels and vault maps discovered:
D:        linesprint [early_d, line_temple, items_1, d_10, items_2, lair_1,
          lair_end, items_3, orc_1, orc_end, items_4, d_15, swamp_1, shoals_1,
          snake_1, spider_1, d_20, vaults_1, items_5, swamp_end, shoals_end,
          snake_end, spider_end, vaults_end, d_27, items_6, zot_1, zot_end,
          crypt_end, forest_end, elf_end, slime_end, tomb_end, abyss_end,
          pan_hell_end]

Skill      XL: |  1  2  3  4  5  6  7  8  9 10 11 12 |
---------------+-------------------------------------+-----
Earth Magic    | 3 6 8 10 11 13 14 16 18 19 | 19.2
Spellcasting   | 3 6 8 11 14 16 18 20 22 24 | 24.1
Dodging        | 3 4 5 6 7 |  7.8
Stealth        | 4 5 6 7 |  7.2
Conjurations   | 1 3 4 |  4.0
Short Blades   | 1 |  1.7
Transmutations | 3 4 |  4.1
Throwing       | 1 |  1.1
Fighting       | |  0.7

Action                   |  1- 3 |  4- 6 |  7- 9 | 10-12 || total
-------------------------+-------+-------+-------+-------++-------
Melee: Rapier            |       |       |       |     3 ||     3
Throw: Dart              |       |       |       |     4 ||     4
 Cast: Sandblast         |    15 |     7 |       |     8 ||    30
       Lee's Rapid Decon |       |     2 |    22 |   102 ||   126
       Stone Arrow       |       |     1 |     1 |    38 ||    40
       Petrify           |       |       |       |    10 ||    10
       Iron Shot         |       |       |       |     3 ||     3
  Use: Potion            |       |       |     2 |     3 ||     5
       Scroll            |       |       |       |     1 ||     1
Armor: Robe              |     2 |       |       |       ||     2
Dodge: Dodged            |     1 |     3 |     1 |    12 ||    17

Table legend: (Time is in decaauts)
 A = Elapsed time spent in this place.
 B = Non-inter-level travel time spent in this place.
 C = Inter-level travel time spent in this place.
 D = Time resting spent in this place.
 E = Time spent auto-exploring this place.
 F = Levels seen in this place.
 G = Mean time per level.
                   A        B        C        D        E       F      G
               +--------+--------+--------+--------+--------+-----+--------+
         Total |   5748 |   5748 |      0 |   4429 |    347 |   1 | 5748.0 |
       Dungeon |   5748 |   5748 |      0 |   4429 |    347 |   1 | 5748.0 |
               +--------+--------+--------+--------+--------+-----+--------+

Top non-repeatable levels by time:
       D: 5748 daAuts
